 Dungeon Crawl Stone Soup version 0.28.0-45-g0d030f2227 (webtiles) character file.

Game seed: 13445437186751946809

974 GigaChad the Slasher (level 7, -2/63 HPs)
             Began as a Minotaur Chaos Knight on Apr 22, 2022.
             Was a Follower of Ashenzari.
             Slain by a hornet zombie (3 damage)
             ... on level 7 of the Dungeon.
             The game lasted 00:19:45 (4669 turns).

GigaChad the Slasher (Minotaur Chaos Knight)        Turns: 4669, Time: 00:19:46

Health: -2/63      AC: 15    Str: 14      XL:     7   Next: 95%
Magic:  6/6        EV:  5    Int:  8 (9)  God:    Ashenzari [*.....]
Gold:   268        SH:  0    Dex: 10 (12) Spells: 6/6 levels left

rFire   . . .      SeeInvis .   a - +0 falchion "Mistrust of Ashenzari" {flame, Alch, Bglg} (curse)
rCold   . . .      Faith    .   (no shield)
rNeg    . . .      Spirit   .   m - +0 plate armour "I Knew You'd Do That" {Evo, Bglg} (curse)
rPois   .          Reflect  .   (helmet restricted)
rElec   .          Harm     .   (no cloak)
rCorr   .          Rampage  .   (no gloves)
Will    .....                   (no boots)
Stlth   ..........              (no amulet)
HPRegen 0.20/turn               (no ring)
MPRegen 0.10/turn               (no ring)

@: no status effects
A: horns 2, retaliatory headbutt, iridescent scales 1, deterioration 1, weak 1
a: Renounce Religion, Curse Item, Shatter the Chains


You were on level 7 of the Dungeon.
You worshipped Ashenzari.
Ashenzari was aware of your devotion.
You visited 1 branch of the dungeon, and saw 7 of its levels.

You collected 268 gold pieces.

Inventory:

Hand Weapons
 a - the cursed +0 falchion "Mistrust of Ashenzari" (weapon) {flame, Alch, Bglg}

   It burns those it strikes, dealing additional fire damage.
   Big, fiery blades are also staple armaments of hydra-hunters.
   It has a curse which improves the following skills: Alchemy: Poison Magic and
   Transmutations.
   Beguiling: Conjurations, Hexes and Translocations.
 h - a +1 dagger of venom
 q - a +0 long sword
 s - a +0 halberd
Missiles
 e - 73 arrows
 o - 7 atropa-tipped darts (quivered)
 y - 6 poisoned darts
Armour
 b - a +2 leather armour
 d - a +0 ring mail
 m - the cursed +0 plate armour "I Knew You'd Do That" (worn) {Evo, Bglg}
   (You found it on level 2 of the Dungeon)

   It has a curse which improves the following skills: Evocations: Evocations.
   Beguiling: Conjurations, Hexes and Translocations.
Scrolls
 g - a scroll of torment
 k - 3 scrolls of noise
 p - a scroll of identify
 u - a scroll of enchant armour
 v - a scroll of holy word
 x - a scroll of immolation
 z - a scroll of fog
 A - a scroll of summoning
Potions
 c - a potion of resistance
 f - 2 potions of might
 i - a potion of flight
 j - a potion of lignification
 l - a potion of berserk rage
 n - 2 potions of curing
 r - 2 potions of magic
 w - a potion of invisibility


   Skills:
 + Level 6.2 Fighting
 + Level 7.7 Long Blades
 + Level 7.0 Armour
 + Level 1.8 Dodging
 + Level 0.2 Stealth


You had 6 spell levels left.
You didn't know any spells.
Your spell library contained the following spells:

 Spells                   Type           Power      Damage    Failure   Level
 Animate Skeleton         Necr           0%         N/A       100%        1
 Pain                     Necr           0%         1d4       100%        1
 Confusing Touch          Hex            0%         N/A       100%        3
 Inner Flame              Hex/Fire       0%         N/A       100%        3
 Vampiric Draining        Necr           0%         2d6       100%        3
 Cause Fear               Hex            0%         N/A       100%        4
 Yara's Violent Unravell  Hex/Tmut       0%         3d3       100%        5
 Enfeeble                 Hex            0%         N/A       100%        7
 Discord                  Hex            0%         N/A       100%        8


Dungeon Overview and Level Annotations

Branches:
Dungeon (7/15)
 Temple: D:4-7

Altars:
Ashenzari
Kikubaaqudgha
Makhleb
Nemelex Xobeh
Ru
Sif Muna
Yredelemnul

Shops:
D:3 ?


Innate Abilities, Weirdness & Mutations

You have a pair of horns on your head.
You reflexively headbutt those who attack you in melee.
You are partially covered in iridescent scales. (AC +2)
Your body sometimes deteriorates upon taking damage.
You are weak. (Str -2)


Message History

The hornet zombie completely misses you.
You furiously retaliate!
You headbutt the hornet zombie, but do no damage.
You closely miss the hornet zombie.
The hornet zombie is heavily damaged.
The centaur zombie hits you.
* * * LOW HITPOINT WARNING * * *
The centaur zombie kicks you but does no damage.
The hornet zombie hits you but does no damage.
The centaur zombie hits you but does no damage.
The centaur zombie kicks you but does no damage.
You hit the hornet zombie. You burn the hornet zombie.
The hornet zombie is heavily damaged.
The hornet zombie completely misses you.
You furiously retaliate!
You headbutt the hornet zombie. The centaur zombie barely misses you.
The centaur zombie kicks you but does no damage.
You barely miss the hornet zombie.
The hornet zombie is heavily damaged.
The hornet zombie barely misses you. You furiously retaliate!
You headbutt the hornet zombie!
The centaur zombie hits you but does no damage.
The centaur zombie kicks you but does no damage.
You hit the hornet zombie but do no damage.
You headbutt the hornet zombie.
The hornet zombie is severely damaged.
The hornet zombie barely misses you.
The centaur zombie hits you but does no damage.
The centaur zombie kicks you.
* * * LOW HITPOINT WARNING * * *
You barely miss the hornet zombie. Your headbutt misses the hornet zombie.
The hornet zombie is severely damaged.
The hornet zombie hits you!
* * * LOW HITPOINT WARNING * * *
Your body deteriorates!
You feel clumsy. The centaur zombie hits you.
* * * LOW HITPOINT WARNING * * *
The centaur zombie kicks you but does no damage.
The hornet zombie hits you.
You die...

#...≈#....#
#.≈≈.#....#
#≈...#....#
#≈...#....#
#.≈≈.#....##
#...≈#.<...##
#≈...#......##
#)Z[.....#..
#@Z.........
###.##..###....
###.........# ...
###...............
#............###..
#.##<##..#..# . .
#.##....##
..###.... .#..


You could see a hornet zombie and a centaur zombie.

Vanquished Creatures
  A water moccasin (D:6)
  A sky beast (D:5)
  A black bear (D:6)
  A bullfrog (D:6)
  A scorpion (D:5)
  A water moccasin skeleton (D:5)
  2 hounds
  A centaur skeleton (D:7)
  3 orc priests
  2 orc wizards
  7 gnolls
  14 adders
  An ufetubus (D:7)
  An adder skeleton (D:4)
  2 worms
  6 orcs
  8 endoplasms
  3 giant cockroaches
  3 goblins
  4 hobgoblins
  A quokka (D:3)
  9 ball pythons
  2 bats (D:2)
  3 frilled lizards
  8 kobolds
  8 rats
  A spectral orc (D:3)
95 creatures vanquished.

Vanquished Creatures (others)
  A goblin (D:1)
1 creature vanquished.

Grand Total: 96 creatures vanquished

Notes
Turn   | Place    | Note
-------+----------+-------------------------------------------
     0 | D:1      | GigaChad the Minotaur Chaos Knight began the quest for the
                  | Orb.
     0 | D:1      | Reached XP level 1. HP: 19/19 MP: 0/0
    20 | D:1      | XOM: silly message
    58 | D:1      | Found a faded altar of an unknown god.
   151 | D:1      | XOM: smoke on damage
   154 | D:1      | Reached XP level 2. HP: 5/27 MP: 1/1
   232 | D:2      | Reached XP level 3. HP: 11/34 MP: 2/2
   589 | D:2      | HP: 1/34 [poisoned by a goblin]
   710 | D:2      | XOM: 1-stop teleportation journey
   765 | D:2      | Found a broken altar of Ashenzari.
   832 | D:2      | XOM: silly message
   882 | D:2      | XOM: divination: detect items
   995 | D:2      | XOM: divination: detect items
  1000 | D:2      | Reached XP level 4. HP: 41/41 MP: 3/3
  1188 | D:2      | XOM: silly message
  1205 | D:2      | Fell from the grace of Xom
  1205 | D:2      | Became a worshipper of Ashenzari the Shackled
  1287 | D:3      | Reached skill level 5 in Long Blades
  1360 | D:3      | Reached skill level 5 in Fighting
  1392 | D:3      | XOM: give mutations
  1392 | D:3      | Gained mutation: Armour fits poorly on your strangely
                  | shaped body. [Xom's mischief]
  1392 | D:3      | Gained mutation: A frigid envelope surrounds you and
                  | freezes all who hurt you. [Xom's mischief]
  1392 | D:3      | Gained mutation: Your spells are a little harder to cast,
                  | but a little more powerful. [Xom's mischief]
  1427 | D:3      | XOM: noise
  1577 | D:3      | Found Cewilosi's Magic Scroll Shop.
  1823 | D:3      | Reached XP level 5. HP: 45/48 MP: 4/4
  1936 | D:3      | Found a basalt altar of Yredelemnul.
  2318 | D:4      | Reached XP level 6. HP: 19/56 MP: 5/5
  2577 | D:4      | XOM: stat loss: -2 Str (14/16)
  3174 | D:5      | Entered Level 5 of the Dungeon
  3337 | D:5      | Found a shimmering blue altar of Sif Muna.
  3406 | D:5      | Reached * piety under Ashenzari
  3411 | D:5      | Noticed a sky beast
  3422 | D:5      | Killed a sky beast
  3423 | D:5      | Reached skill level 5 in Armour
  3423 | D:5      | Reached XP level 7. HP: 29/62 MP: 6/6
  3572 | D:6      | Lost mutation: Your spells are a little harder to cast, but
                  | a little more powerful. [potion of mutation]
  3572 | D:6      | Lost mutation: A frigid envelope surrounds you and freezes
                  | all who hurt you. [potion of mutation]
  3572 | D:6      | Lost mutation: Armour fits poorly on your strangely shaped
                  | body. [potion of mutation]
  3572 | D:6      | Gained mutation: You are resistant to electric shocks.
                  | (rElec) [potion of mutation]
  3572 | D:6      | Gained mutation: You are partially covered in iridescent
                  | scales. (AC +2) [potion of mutation]
  3776 | D:6      | XOM: give mutations
  3776 | D:6      | Gained mutation: Your body sometimes deteriorates upon
                  | taking damage. [Xom's mischief]
  3776 | D:6      | Gained mutation: You are weak. (Str -2) [Xom's mischief]
  3776 | D:6      | Lost mutation: You are resistant to electric shocks.
                  | (rElec) [Xom's mischief]
  3828 | D:6      | XOM: noise
  4160 | D:6      | XOM: noise
  4375 | D:6      | XOM: divination: detect items
  4543 | D:6      | Found a sacrificial altar of Ru.
  4543 | D:6      | Found a burning altar of Makhleb.
  4551 | D:6      | Found an ancient bone altar of Kikubaaqudgha.
  4554 | D:6      | Found a sparkling altar of Nemelex Xobeh.
  4556 | D:6      | Found a broken altar of Ashenzari.
  4650 | D:7      | HP: 3/63 [gnoll/+1 whip of pain (3)]
  4669 | D:7      | HP: 2/63 [hornet zombie (9)]
  4669 | D:7      | Slain by a hornet zombie

Illustrated notes

Levels and vault maps discovered:
D:1:      dpeg_arrival_ratfight, layout_rooms, basic_ecumenical_altar
D:2:      layout_basic, basic_altar
D:3:      layout_basic, yredelemnul_forgotten_temple_becter, serial_shops,
          shop_scrolls, minmay_shallow_snake_nest
D:4:      layout_cave_pools
D:5:      layout_rooms, led_sif_pool
D:6:      layout_cave_pools, chequers_temple_overflow_minitemple,
          roderic_lattice_a
D:7:      layout_cave_pools, nicolae_hepliaklqana_monster_ancestors,
          minmay_temple_entry_enclosed_plants, gammafunk_ghost_gnarly_gnolls,
          serial_shops, nicolae_shop_competitors_out_of_business,
          nzn_random_ring

Skill      XL: |  1  2  3  4  5  6  7 |
---------------+----------------------+-----
Fighting       | 4 5 6 |  6.2
Long Blades    | 4 5 6 7 |  7.7
Armour         | 3 5 7 |  7.0
Dodging        | |  1.8
Stealth        | |  0.2

Action                   |  1- 3 |  4- 6 |  7- 9 || total
-------------------------+-------+-------+-------++-------
Melee: Falchion          |    72 |    82 |    84 ||   238
       Headbutt          |     7 |    14 |    18 ||    39
       Punch             |     1 |     1 |     1 ||     3
Invok: Curse Item        |       |     2 |       ||     2
  Use: Scroll            |     2 |     5 |       ||     7
       Potion            |       |       |     2 ||     2
Armor: Leather armour    |    26 |       |       ||    26
       Ring mail         |     5 |       |       ||     5
       Plate armour      |       |    65 |   127 ||   192
Dodge: Dodged            |    54 |    23 |    32 ||   109
